Map: Frozen Temple

Players

SortOf

  • Race: Zerg Zerg
  • League: Grandmaster

Nerchio - Winner!

  • Race: Zerg Zerg
  • League: Grandmaster

VOD

Have the link to the VOD?

Description

Time

  • Played on: Oct. 30, 2016, 10:19 a.m.
  • Length: 9:40
Show
View Real Time Build Order
Export as new Build Order

SortOf Zerg 

Build Orders: Pool First 

Get SALT Encoding   

  12  0:01  Drone  
  13  0:13  Overlord  
  13  0:18  Drone  
  14  0:32  Drone x2  
  16  0:37  Drone  
  17  0:45  Spawning Pool  
  16  0:51  Drone  
  16  0:56  Drone  
  18  1:12  Unknown, Hatchery  
  18  1:15  Extractor  
  16  1:31  Zergling x2  
  16  1:32  Zergling x4  
  19  1:33  Queen  
  21  1:42  Overlord  
  21  1:53  Drone  
  22  2:05  Drone  
  23  2:08  Queen  
  23  2:15  Drone  
  26  2:23  Queen, Unknown  
  26  2:24  Drone  
  29  2:35  Drone x2  
  31  2:43  Drone x2  
  33  2:44  Overlord  
  33  2:48  Drone  
  34  2:51  Drone x2  
  34  2:54  Evolution Chamber  
  34  2:58  Drone  
  35  3:05  Drone  
  36  3:07  Roach Warren  
  36  3:11  Lair  
  35  3:14  Drone x2  
  35  3:16  Drone  
  38  3:21  Drone x2  
  38  3:26  Overlord  
  40  3:30  Zerg Missile Weapons Level 1  
  40  3:31  Drone  
  41  3:36  Overlord  
  41  3:46  Drone x2  
  43  3:50  Extractor x2  
  43  3:51  Overlord  
  43  3:52  Drone x2  
  44  3:55  Drone x2  
  44  3:56  Drone  
  44  3:58  Drone x2  
  48  4:07  Roach  
  50  4:10  Glial Reconstitution  
  50  4:13  Overlord  
  50  4:15  Drone  
  50  4:16  Drone  
  52  4:19  Roach x2  
  52  4:23  Roach  
  58  4:34  Roach  
  60  4:41  Roach x2  
  60  4:42  Roach  
  65  4:48  Drone  
  65  4:52  Roach  
  67  4:55  Overlord  
  67  4:56  Overlord x2  
  67  4:58  Overlord  
  67  4:59  Unknown, Hatchery  
  66  5:04  Overseer  
  66  5:12  Roach  
  68  5:15  Roach x4  
  76  5:22  Roach x2  
  76  5:23  Roach x2  
  76  5:27  Roach  
  86  5:34  Zerg Missile Weapons Level 2  
  84  5:37  Overlord  
  84  5:38  Drone x3  
  87  5:44  Roach  
  87  5:47  Queen  
  87  5:48  Overlord  
  91  5:55  Roach x2  
  95  5:58  Roach  
  95  6:01  Roach x2  
  101  6:05  Roach  
  101  6:06  Roach  
  101  6:09  Roach  
  101  6:10  Unknown  
  107  6:12  Evolution Chamber  
  107  6:18  Roach  
  107  6:20  Roach  
  107  6:22  Roach  
  107  6:24  Roach  
  107  6:25  Roach  
  109  6:26  Roach  
  109  6:30  Roach  
  101  6:32  Drone  
  101  6:33  Drone x3  
  101  6:39  Overlord  
  102  6:42  Drone x2  
  102  6:45  Roach  
  102  6:46  Roach  
  108  6:50  Ravager  
  108  6:51  Ravager  
  108  6:52  Overlord  
  110  6:54  Roach  
  110  6:55  Roach  
  114  7:01  Overlord  
  114  7:02  Overlord  
  114  7:03  Roach x2  
  114  7:05  Unknown  
  114  7:08  Roach x2  
  122  7:12  Overlord  
  122  7:15  Roach x3  
  128  7:22  Roach x2  
  132  7:24  Extractor  
  132  7:28  Spore Crawler  
  132  7:29  Roach x2  
  134  7:30  Roach  
  134  7:33  Roach  
  139  7:38  Roach  
  139  7:39  Roach, Overlord  
  139  7:40  Drone x3  
  146  7:44  Overlord  
  146  7:48  Roach x2  
  150  7:56  Roach x2  
  139  8:10  Roach x6  
  118  8:12  Roach  
  118  8:18  Roach  
  102  8:25  Roach x3  
  102  8:26  Drone x3  
  109  8:29  Roach  
  109  8:33  Roach x2  
  115  8:35  Drone x4  
  115  8:39  Extractor  
  118  8:43  Roach x2  
  118  8:47  Unknown, Hatchery  
  121  8:52  Roach x2  
  121  8:53  Roach x2  
  129  9:01  Roach  
  129  9:02  Roach x5  
  141  9:05  Overlord  
  141  9:11  Roach x3  
  141  9:14  Overlord  
  147  9:17  Roach x2  
  157  9:30  Extractor  
Show
View Real Time Build Order
Export as new Build Order

Nerchio Zerg - Winner!

Build Orders: Hatch First 

Get SALT Encoding   

  12  0:00  Drone  
  13  0:12  Overlord  
  13  0:17  Drone  
  14  0:31  Drone x2  
  14  0:34  Drone  
  17  0:51  Unknown, Hatchery  
  17  0:54  Drone  
  17  0:57  Drone  
  18  1:04  Extractor  
  17  1:12  Spawning Pool  
  17  1:16  Drone  
  17  1:19  Drone  
  18  1:28  Drone  
  19  1:39  Overlord  
  19  1:52  Drone  
  20  2:00  Queen, Zergling x2  
  23  2:03  Queen, Unknown  
  23  2:04  Zergling x2  
  23  2:08  Metabolic Boost  
  26  2:12  Drone  
  26  2:15  Drone  
  28  2:23  Drone  
  28  2:27  Baneling Nest  
  28  2:29  Zergling x2  
  30  2:35  Zergling x2  
  31  2:43  Drone x2  
  33  2:53  Drone  
  33  2:57  Drone  
  35  3:03  Overlord  
  35  3:05  Drone  
  36  3:06  Unknown, Hatchery  
  36  3:10  Evolution Chamber  
  34  3:12  Overlord  
  34  3:23  Drone x2  
  36  3:35  Drone x6  
  36  3:39  Zerg Ground Armor Level 1  
  42  3:47  Overlord  
  42  3:48  Drone x2  
  44  3:52  Overlord  
  44  3:56  Extractor  
  44  4:00  Roach Warren  
  44  4:01  Drone  
  43  4:03  Drone  
  43  4:07  Drone  
  46  4:10  Drone  
  46  4:15  Lair  
  46  4:16  Drone x2  
  48  4:17  Unknown, Drone  
  49  4:25  Drone x2  
  49  4:26  Spine Crawler  
  49  4:27  Drone  
  49  4:30  Zergling x2  
  53  4:31  Zergling x2  
  53  4:32  Extractor  
  53  4:33  Zergling x2  
  53  4:35  Zergling x2  
  53  4:36  Zergling x2  
  55  4:39  Zergling x2  
  55  4:46  Zergling x8  
  55  4:47  Zergling x2  
  55  4:51  Overlord  
  59  4:54  Overlord  
  59  5:07  Overlord  
  59  5:18  Unknown  
  59  5:21  Roach x10  
  79  5:31  Drone x5  
  79  5:34  Drone x2  
  86  5:36  Zerg Missile Weapons Level 1  
  86  5:39  Overlord  
  86  5:52  Queen  
  86  5:53  Overlord x2  
  86  5:55  Overlord  
  87  6:03  Roach x3  
  93  6:07  Roach x2  
  93  6:10  Glial Reconstitution, Overlord  
  97  6:18  Roach x4  
  101  6:23  Roach  
  101  6:24  Zergling x2  
  97  6:28  Drone  
  97  6:31  Drone  
  90  6:33  Drone x4  
  90  6:34  Drone x3  
  90  6:38  Drone  
  98  6:42  Overseer  
  98  6:45  Drone x2  
  98  6:47  Extractor  
  99  6:49  Spire, Drone  
  99  6:51  Extractor x2  
  97  6:54  Roach  
  97  6:56  Roach  
  101  7:02  Roach x2  
  101  7:03  Roach x2  
  111  7:08  Roach  
  111  7:09  Roach x4  
  111  7:10  Roach  
  111  7:12  Overlord  
  121  7:16  Overlord  
  121  7:17  Overlord  
  121  7:23  Overlord x2  
  120  7:32  Ravager x2  
  120  7:35  Roach x4  
  120  7:36  Roach  
  134  7:37  Roach  
  134  7:38  Roach  
  134  7:39  Ravager  
  134  7:40  Ravager x2  
  139  7:46  Overlord  
  139  7:53  Overlord  
  139  7:59  Roach  
  139  8:00  Roach x5  
  139  8:04  Roach  
  139  8:05  Roach x2  
  147  8:07  Roach  
  147  8:08  Roach  
  147  8:12  Roach x2  
  134  8:15  Roach  
  134  8:16  Roach  
  134  8:17  Roach  
  129  8:20  Roach  
  129  8:22  Roach  
  133  8:34  Mutalisk  
  133  8:35  Mutalisk x3  
  133  8:41  Mutalisk  
  141  8:47  Mutalisk, Drone x2  
  147  8:49  Drone x4  
  147  8:54  Mutalisk  
  153  9:03  Mutalisk  
  153  9:07  Mutalisk  
  157  9:10  Overlord  
  157  9:11  Overlord  
  157  9:16  Unknown, Hatchery  
Tags
 
Add a new tag
Caveats
  • Supply blocks, unpowered buildings, or Contaminate may cause inaccurate times.
  • Supply counts are checked every 10 seconds.